 Dungeon Crawl Stone Soup version 0.19.1-1-g22dce08 (webtiles) character file.

857 dvd the Cudgeler (level 7, 0/77 HPs)
             Began as a Troll Berserker on Jan 14, 2017.
             Was a Believer of Trog.
             Slain by a killer bee (6 damage)
             ... on level 5 of the Dungeon.
             The game lasted 00:09:26 (3469 turns).

dvd the Cudgeler (Troll Berserker)                  Turns: 3469, Time: 00:09:27

Health: 0/77       AC:  4    Str: 26    XL:     7   Next: 70%
Magic:  6/6        EV: 19    Int:  3    God:    Trog [**....]
Gold:   331        SH:  0    Dex: 16    Spells: 0 memorised, 6 levels left

rFire  . . .     SeeInvis .     C - +0 flail (protect)
rCold  . . .     Gourm    +     b - +0 animal skin
rNeg   . . .     Faith    .     (no shield)
rPois  .         Spirit   .     (helmet restricted)
rElec  .         Reflect  .     (no cloak)
rCorr  .         Harm     .     (gloves unavailable)
MR     .....                    (boots unavailable)
Stlth  +++.......               (no amulet)
                                (no ring)
                                (no ring)

@: agile, lethally poisoned (0 -> -2)
A: unfitting armour, claws 3, repulsion field 1, deformed body, fast metabolism
3, gourmand, regeneration 1, robust 1, shaggy fur 1, tough skin 2
a: Berserk, Trog's Hand, Burn Spellbooks, Renounce Religion


You were on level 5 of the Dungeon.
You worshipped Trog.
Trog was pleased with you.
You were very full.

You visited 2 branches of the dungeon, and saw 6 of its levels.

You collected 331 gold pieces.

Inventory:

Hand Weapons
 C - a +0 flail of protection (weapon)
Missiles
 x - 4 tomahawks
 A - 8 large rocks (quivered)
Armour
 b - a +0 animal skin (worn)
Wands
 l - a wand of random effects (26/48)
Scrolls
 d - 2 scrolls of remove curse {unknown}
 e - a scroll of random uselessness {unknown}
 i - 2 scrolls of fear {unknown}
 o - 2 scrolls of blinking {unknown}
 p - 3 scrolls of fog {unknown}
 s - 2 scrolls of teleportation {unknown}
 t - 2 scrolls of identify {unknown}
 u - a scroll of amnesia {unknown}
 w - 2 scrolls of enchant armour {unknown}
 y - a scroll of magic mapping {unknown}
 z - a scroll of immolation {unknown}
 D - a scroll of enchant weapon {unknown}
 E - a scroll of noise {unknown}
Potions
 a - a potion of cancellation {unknown}
 f - a potion of brilliance {unknown}
 h - a potion of agility
 j - 2 potions of lignification {unknown}
 k - a potion of curing {unknown}
 q - a potion of haste {unknown}
 r - a potion of berserk rage {unknown}
 v - 2 potions of flight {unknown}
Comestibles
 c - 7 bread rations
 g - a meat ration
 m - a slice of pizza
 B - a fruit


   Skills:
 + Level 4.0 Fighting
 + Level 6.0 Maces & Flails
 + Level 0.8 Throwing
 + Level 4.7 Dodging
 + Level 0.3 Stealth


You had 6 spell levels left.
You didn't know any spells.

Dungeon Overview and Level Annotations

Branches:
Dungeon (5/15)             Temple (1/1) D:5

Altars:
Ashenzari
Cheibriados
Dithmenos
Elyvilon
Fedhas
Gozag
Hepliaklqana
Kikubaaqudgha
Makhleb
Nemelex Xobeh
Okawaru
Ru
Trog
Uskayaw
Vehumet
Xom
Yredelemnul
Zin
The Shining One

Shops:
D:5 (


Innate Abilities, Weirdness & Mutations

You are too large for most types of armour.
You have claws for hands.
Your metabolism is lightning-fast.
You like to eat raw meat.
Your natural rate of healing is unusually fast.
You are covered in fur. (AC +1)
You have very tough skin. (AC +2)
You are surrounded by a mild repulsion field. (EV +2)
Armour fits poorly on your strangely shaped body.
You are robust. (+10% HP)


Message History

You sock the centaur!
You kill the centaur!
Trog accepts your kill.
Your Fighting skill increases to level 4!
Your Maces & Flails skill increases to level 6!
The killer bee barely misses you. x2
You closely miss the killer bee. The killer bee stings you!
* * * LOW HITPOINT WARNING * * *
You are poisoned.
The killer bee poisons you! The killer bee stings you!
* * * LOW HITPOINT WARNING * * *
You are more poisoned.
The killer bee poisons you!
The killer bee stings you but does no damage.
You feel sick.
A killer bee comes into view.
It was a potion of agility.
You feel agile all of a sudden.
You feel sick. The killer bee stings you.
You die...

.......##### #.#...#.##.)))....
..........y..# #.#(###.##....)...
.......####..# #.#(###...........
..........#y.# #...............#.
#...##.##.#..###....(####..##....
######.##.y..........# #........
#.####..........# #.###....
#####........yy)....# #........
#...>.....(((##@#.######..###...
#.########(..........>.)..# ##..
#.# #.##.............# #.) ##.#
#.##.#.#.#######.# #.. ...#
#.##.#.#.........# #.. ####
#.##.#.#.....###.####..
#.##.#.#.###.###.......
#....).................
####.#.#.#.#.#.#.######


You could see 5 killer bees.

Vanquished Creatures
  A phantom (D:3)
  A sky beast (D:5)
  The ghost of shas the Skirmisher, an amateur HOFi (D:4)
  An ogre (D:5)
  2 centaurs (D:5)
  A scorpion (D:5)
  A hound (D:5)
  An orc wizard (D:5)
  A worker ant (D:4)
  A hound skeleton (D:4)
  A worker ant zombie (D:5)
  4 gnolls (D:5)
  6 adders
  An ooze (D:3)
  An adder skeleton (D:4)
  2 worms
  2 dart slugs
  3 leopard geckos
  6 orcs
  4 bats
  A giant cockroach (D:3)
  8 goblins
  7 hobgoblins
  7 jackals
  10 kobolds
  A quokka (D:5)
  A ball python (D:3)
  3 frilled lizards
  2 quokka skeletons (D:4)
  9 rats
90 creatures vanquished.

Notes
Turn   | Place    | Note
-------+----------+-------------------------------------------
     0 | D:1      | dvd the Troll Berserker began the quest for the Orb.
     0 | D:1      | Reached XP level 1. HP: 22/22 MP: 0/0
   106 | D:1      | Reached XP level 2. HP: 13/29 MP: 1/1
   642 | D:2      | Reached XP level 3. HP: 36/36 MP: 2/2
   723 | D:2      | Reached skill level 3 in Maces & Flails
   932 | D:2      | Reached ** piety under Trog
  1048 | D:2      | Reached XP level 4. HP: 44/44 MP: 3/3
  1384 | D:3      | Found a shadowy altar of Dithmenos.
  1458 | D:3      | Noticed a phantom
  1644 | D:3      | Killed a phantom
  1644 | D:3      | Reached skill level 4 in Maces & Flails
  1644 | D:3      | Reached XP level 5. HP: 41/53 MP: 4/4
  2195 | D:4      | Noticed shas's ghost (amateur HOFi)
  2216 | D:4      | Killed shas's ghost
  2216 | D:4      | Reached XP level 6. HP: 40/61 MP: 5/5
  2576 | D:5      | Entered Level 5 of the Dungeon
  2625 | D:5      | Reached skill level 5 in Maces & Flails
  2683 | D:5      | Found Lellall's Antique Weapon Boutique.
  2799 | D:5      | Reached XP level 7. HP: 43/67 MP: 6/6
  3064 | D:5      | Gained mutation: Armour fits poorly on your strangely shaped body. [mutagenic meat]
  3065 | D:5      | Gained mutation: You are robust. (+10% HP) [mutagenic meat]
  3066 | D:5      | Gained mutation: You are surrounded by a mild repulsion field. (EV +2) [mutagenic meat]
  3127 | D:5      | Found a blossoming altar of Fedhas.
  3228 | D:5      | Found a staircase to the Ecumenical Temple.
  3233 | Temple   | Entered the Ecumenical Temple
  3466 | D:5      | Reached skill level 6 in Maces & Flails
  3469 | D:5      | Slain by a killer bee

Skill      XL: |  1  2  3  4  5  6  7 |
---------------+----------------------+-----
Dodging        | 3 4 |  4.7
Maces & Flails | 3 4 5 6 |  6.0
Fighting       | 3 4 |  4.0
Throwing       | |  0.8
Stealth        | |  0.3

Action                   |  1- 3 |  4- 6 |  7- 9 || total
-------------------------+-------+-------+-------++-------
Melee: Mace              |   154 |   215 |     4 ||   373
       Flail             |       |       |    21 ||    21
Throw: Tomahawk          |       |     4 |       ||     4
       Large rock        |       |     1 |       ||     1
Invok: Berserk           |     3 |     2 |       ||     5
  Use: Potion            |       |       |     1 ||     1
 Stab: Sleeping          |       |     1 |       ||     1
  Eat: Chunk             |    19 |    17 |     8 ||    44
Armor: Animal skin       |    79 |    63 |     6 ||   148
Dodge: Dodged            |   106 |   122 |    25 ||   253
